 Dungeon Crawl Stone Soup version 0.21-a0-185-g3a6ed1e (webtiles) character file.

6465 namelastname112 the Fighter (level 10, -4/94 HPs)
             Began as a Purple Draconian Wanderer on Aug 12, 2017.
             Was a Follower of Vehumet.
             Slain by a centaur warrior (11 damage)
             ... on level 10 of the Dungeon.
             The game lasted 00:14:48 (11598 turns).

namelastname112 the Fighter (DrWn)                 Turns: 11598, Time: 00:14:50

Health: -4/94      AC:  9    Str: 12    XL:     10   Next: 68%
Magic:  25/25      EV: 24    Int: 16    God:    Vehumet [*.....]
Gold:   519        SH:  0    Dex: 18    Spells: 27/27 levels left

rFire    . . .     SeeInvis .   E - +2 dagger (venom)
rCold    . . .     Gourm    .   (no shield)
rNeg     . . .     Faith    .   (armour unavailable)
rPois    .         Spirit   .   (helmet restricted)
rElec    .         Reflect  .   (no cloak)
rCorr    .         Harm     .   (no gloves)
MR       +++..                  B - +1 pair of boots
Stlth    +++.......             n - amulet of regeneration
HPRegen  0.65/turn              k - ring of protection from magic
MPRegen  0.19/turn              q - ring of protection from magic

@: agile, short of breath
A: breathe power, unfitting armour, hooves 1, clever 1, high mp 1, weak 1,
cold-blooded, AC +7
a: Breathe Dispelling Energy, Renounce Religion


You were on level 10 of the Dungeon.
You worshipped Vehumet.
Vehumet was aware of your devotion.
You were hungry.

You visited 2 branches of the dungeon, and saw 11 of its levels.
You also visited: Sewer.

You collected 519 gold pieces.

Inventory:

Hand Weapons
 E - a +2 dagger of venom (weapon)
Missiles
 b - 2 throwing nets (quivered)
Armour
 B - a +1 pair of boots (worn)
Magical Staves
 A - an uncursed staff of cold
Jewellery
 k - a ring of protection from magic (left hand)
 n - an amulet of regeneration (around neck)
 q - a ring of protection from magic (right hand)
Wands
 a - a wand of clouds (4/9)
 s - a wand of digging (18/24)
 x - a wand of clouds (0/9)
 y - a wand of polymorph (9/24)
Scrolls
 e - 4 scrolls of immolation
 h - a scroll of enchant armour
 i - 2 scrolls of recharging
 j - 4 scrolls of remove curse
 l - 2 scrolls of amnesia
 o - 2 scrolls of fear
 p - 4 scrolls of teleportation
 D - a scroll of enchant weapon
Potions
 g - 4 potions of haste
 m - a potion of flight
 r - a potion of cancellation
 t - 2 potions of might
 v - a potion of curing
 z - a potion of invisibility {unknown}
 C - a potion of berserk rage {unknown}
Comestibles
 c - 5 royal jellies
 d - 8 bread rations
 f - 5 meat rations
 u - 2 fruits
 F - 4 chunks of flesh


   Skills:
 + Level 10.9 Fighting
   Level 1.0 Long Blades
   Level 3.0 Polearms
 - Level 1.0 Throwing
 + Level 9.1 Dodging
 - Level 1.0 Stealth
   Level 1.0 Shields
 * Level 9.2 Spellcasting


You had 27 spell levels left.
You didn't know any spells.

Dungeon Overview and Level Annotations

Branches:
Dungeon (10/15)            Temple (1/1) D:7             Orc (0/2) D:9
   Lair: D:8-11

Altars:
Ashenzari
Cheibriados
Dithmenos
Elyvilon
Fedhas
Gozag
Kikubaaqudgha
Makhleb
Nemelex Xobeh
Okawaru
Ru
Sif Muna
Uskayaw
Vehumet
Wu Jian
Xom
Zin
Lugonu


Innate Abilities, Weirdness & Mutations

You can breathe bolts of dispelling energy.
Your rich purple scales are hard. (AC +7)
You cannot fit into any form of body armour.
You are cold-blooded and may be slowed by cold attacks.
You have large cloven feet.
Your mind is acute. (Int +2)
You have an increased reservoir of magic. (+10% MP)
You are weak. (Str -2)


Message History

* * * LOW HITPOINT WARNING * * *
You take 5 damage, and have 28/94 hp.
You hit the centaur warrior.
The centaur warrior looks as sick as possible!
The centaur warrior is severely wounded.
The centaur warrior hits you!
* * * LOW HITPOINT WARNING * * *
The orc warrior hits you from afar with a glaive!
* * * LOW HITPOINT WARNING * * *
The centaur warrior closely misses you.
You take 17 damage, and have 11/94 hp.
You feel better.
The centaur warrior hits you but does no damage.
The orc warrior hits you from afar with a glaive!
* * * LOW HITPOINT WARNING * * *
You take 4 damage, and have 7/94 hp.
It was a potion of agility.
You feel agile all of a sudden. The centaur warrior hits you!
You die...

....... #.......#
#..?....# #.......+
#.......# .
##.......#
$$|.#####).......####
$_|.###@co...........
$().#####o...........
. ##...........
#...........
#........... ###
#...######## #.#
#...# ##.## ##...#
######...######....#


You could see a centaur warrior, an orc warrior and an orc.

Vanquished Creatures
  A two-headed ogre (D:9)
  Pikel (D:6)
  A hornet (D:8)
  2 hippogriffs
  The ghost of p0werm0de the Gusty, an amateur BaAE of Dithmenos (D:3)
  Sigmund (D:6)
  Menkaure (D:4)
  Edmund (D:6)
  A porcupine (D:7)
  2 sky beasts
  3 orc warriors
  4 ice beasts
  3 slaves (D:6)
  A hornet zombie (D:7)
  4 ogres
  3 centaurs
  4 bullfrogs
  2 big kobolds
  A wyvern zombie (D:9)
  4 scorpions
  13 killer bees
  5 wights (D:8)
  2 howler monkeys
  2 crimson imps
  A bullfrog zombie (D:6)
  A quasit (D:8)
  3 hounds
  A bullfrog skeleton (D:5)
  A gnoll shaman (D:8)
  6 orc priests
  4 orc wizards
  5 worker ants
  2 hound zombies
  3 worker ant zombies
  Robin (D:3)
  12 gnolls
  9 adders
  A river rat (Sewer)
  2 shadow imps
  2 oozes
  3 worms
  6 leopard geckos
  18 orcs
  5 giant cockroaches
  18 goblins
  5 hobgoblins
  15 jackals
  2 quokkas
  2 ball pythons
  4 bats
  3 frilled lizards
  16 kobolds
  A leopard gecko skeleton (D:4)
  A quokka skeleton (D:4)
  A quokka zombie (D:6)
  13 rats
230 creatures vanquished.

Vanquished Creatures (collateral kills)
  A killer bee (D:7)
  A bullfrog zombie (D:7)
2 creatures vanquished.

Vanquished Creatures (others)
  An orc wizard (D:6)
  3 orcs (D:6)
4 creatures vanquished.

Grand Total: 236 creatures vanquished

Notes
Turn   | Place    | Note
-------+----------+-------------------------------------------
     0 | D:1      | namelastname112 the Draconian Wanderer began the quest for the Orb.
     0 | D:1      | namelastname112 set off with: a +2 spear, a potion of curing, a potion of lignification, a bread ration
     0 | D:1      | Reached XP level 1. HP: 17/17 MP: 1/1
   102 | D:1      | Reached XP level 2. HP: 9/25 MP: 2/2
   203 | D:1      | Reached skill level 3 in Fighting
   343 | D:1      | Reached XP level 3. HP: 12/31 MP: 3/3
   858 | D:2      | Found a sacrificial altar of Ru.
   866 | D:2      | Reached XP level 4. HP: 37/39 MP: 4/4
  1499 | D:3      | Noticed p0werm0de's ghost (amateur BaAE)
  1522 | D:3      | Killed p0werm0de's ghost
  1522 | D:3      | Reached skill level 5 in Fighting
  1522 | D:3      | Reached XP level 5. HP: 38/48 MP: 5/5
  1522 | D:3      | Reached XP level 6. HP: 45/56 MP: 6/6
  1574 | D:3      | Noticed Robin
  1612 | D:3      | Killed Robin
  1715 | D:3      | Found a glowing drain.
  1763 | Sewer    | Entered a sewer
  2410 | Sewer    | Found a white marble altar of Elyvilon.
  3058 | D:4      | Noticed Menkaure
  3064 | D:5      | Entered Level 5 of the Dungeon
  3080 | D:5      | Reached skill level 6 in Fighting
  3304 | D:5      | Your scales start taking on a rich purple colour.
  3304 | D:5      | Reached XP level 7. HP: 61/63 MP: 7/7
  3499 | D:5      | Reached skill level 5 in Dodging
  3507 | D:5      | Gained mutation: You occasionally shout uncontrollably at your foes. [mutagenic meat]
  3997 | D:4      | Killed Menkaure
  3997 | D:4      | Reached skill level 7 in Fighting
  4453 | D:6      | Noticed Sigmund
  4470 | D:6      | Killed Sigmund
  4470 | D:6      | Reached skill level 1 in Spellcasting
  4470 | D:6      | Reached XP level 8. HP: 41/73 MP: 7/10
  4639 | D:6      | Noticed Pikel
  4654 | D:6      | Killed Pikel
  4654 | D:6      | Reached skill level 8 in Fighting
  4942 | D:6      | Noticed Edmund
  4965 | D:6      | Killed Edmund
  5374 | D:6      | Reached XP level 9. HP: 55/82 MP: 16/16
  5379 | D:6      | Gained mutation: Scrolls take you a little longer to read. [mutagenic meat]
  5471 | D:6      | Lost mutation: You occasionally shout uncontrollably at your foes. [potion of mutation]
  5471 | D:6      | Lost mutation: Scrolls take you a little longer to read. [potion of mutation]
  5471 | D:6      | Gained mutation: You have an increased reservoir of magic. (+10% MP) [potion of mutation]
  5471 | D:6      | Gained mutation: You have large cloven feet. [potion of mutation]
  5471 | D:6      | Gained mutation: You are weak. (Str -2) [potion of mutation]
  5471 | D:6      | Gained mutation: Your mind is acute. (Int +2) [potion of mutation]
  5523 | D:7      | Reached skill level 5 in Spellcasting
  5555 | D:6      | HP: 4/82 [killer bee (3)]
  6355 | D:7      | Reached skill level 9 in Fighting
  6786 | D:7      | Found an iron altar of Okawaru.
  8626 | D:8      | Reached skill level 10 in Fighting
  8673 | D:8      | Paralysed by a hornet for 1 turns
  9034 | D:7      | Reached XP level 10. HP: 61/93 MP: 22/22
  9549 | D:7      | Found a staircase to the Ecumenical Temple.
  9931 | Temple   | Entered the Ecumenical Temple
 10078 | Temple   | Became a worshipper of Vehumet
 10413 | D:9      | Found a staircase to the Orcish Mines.
 10413 | D:9      | Noticed a two-headed ogre
 10586 | D:9      | Noticed a two-headed ogre
 10624 | D:9      | Killed a two-headed ogre
 10813 | D:9      | Reached * piety under Vehumet
 10813 | D:9      | Offered knowledge of Sting by Vehumet.
 11558 | D:10     | Entered Level 10 of the Dungeon
 11576 | D:10     | Found a corrupted altar of Lugonu.
 11578 | D:10     | Noticed a centaur warrior
 11598 | D:10     | Slain by a centaur warrior

Vault maps used:
D:1:      matt_arrival_spirals
D:2:      serial_glass, glass_columns_a, glass_columns_a,
          nicolae_ru_great_annihilating_truth
D:3:      gup_sewer_entry_bowl, uniq_robin
D:4:      st_stairs_9, uniq_menkaure
D:5:      first_bread
D:6:      uniq_pikel, uniq_sigmund, uniq_edmund
D:7:      kennysheep_okawaru_gauntlet, temple_fountains
D:9:      david_orc_3
D:10:     gammafunk_corrupted_shrine, dpeg_oklobed_lair
Temple:   roderic_octagonal_lattice_temple
Sewer:    sewer_kobolds

Skill      XL: |  1  2  3  4  5  6  7  8  9 10 |
---------------+-------------------------------+-----
Dodging        | 2 3 4 5 7 8 9 |  9.1
Fighting       | 3 5 6 7 8 10 | 10.9
Spellcasting   | 1 4 7 9 |  9.2
Long Blades    | |  1.0
Polearms       | |  3.0
Throwing       | |  1.0
Stealth        | |  1.0
Shields        | |  1.0

Action                   |  1- 3 |  4- 6 |  7- 9 | 10-12 || total
-------------------------+-------+-------+-------+-------++-------
Melee: Spear             |    69 |   246 |   695 |   256 ||  1266
       Tailslap          |     3 |    26 |    78 |    57 ||   164
       Dagger            |       |       |       |   120 ||   120
       Hand axe          |       |       |       |    50 ||    50
 Abil: Breathe Dispellin |       |       |    13 |     5 ||    18
Evoke: Wand              |       |       |     4 |     1 ||     5
  Use: Potion            |     1 |     1 |     9 |     2 ||    13
       Scroll            |       |     3 |     8 |     7 ||    18
 Stab: Sleeping          |     2 |     3 |     7 |     1 ||    13
       Paralysed         |       |     1 |       |       ||     1
       Confused          |       |       |       |     1 ||     1
  Eat: Chunk             |       |     6 |    13 |     5 ||    24
       Royal jelly       |       |     1 |       |       ||     1
       Meat ration       |       |       |     2 |     1 ||     3
Armor: Skin              |    23 |    75 |   163 |   116 ||   377
Dodge: Dodged            |    30 |   176 |   627 |   448 ||  1281
